cohdb
Replays
Latest Replays
All Replays
Popular Replays
Top Player Replays
Match Explorer
How It Works
Community
CoH3 Stats
Reddit
Sign in to upload your games and track your stats! →
Sign in with Steam
Match 43868585
Unlisted
Match 43868585
Overview
Messages
Build Orders
End
Kradschützen Motorcycle Team
250 Light Carrier
Panzergrenadier Squad
Selects Italian Infantry
Panzergrenadier Squad
Panzergrenadier Squad
Construct Light Support Kompanie
Selects Defensive Operations
MG34 Team
2.5-tonne Medical Truck
Fire Support Elements
Selects Guastatori Squad
Guastatori Squad
Pak 38 Mechanized Group
Veteran Squad Leaders
Selects Territory Booby Traps
Selects Registered Artillery
Forward Retreat Point
Construct Mechanized Kompanie
Selects Towed Cannone da 105/28 Field Howitzer
254 Reconnaissance Tractor
Stepan Pantera
MasterStef
bigcheese
xKOZIx
P2LIGR0
Cr6como-
0
0
Comments
sign in to comment!
No comments posted yet!